NYP
VERMONT LAKE MONSTERS @ LOWELL SPINNERS
09/11/2080
 
TOP OF THE 1ST
Vermont Lake Monsters batting - Pitching for Lowell Spinners : RHP Rich Dodge
Pitching: RHP Rich Dodge
Batting: LHB Miles Holben 0-0: Swinging Strike
0-1: Foul Ball, location: 2F
0-2: Ball
1-2: Ground out 4-3 (Groundball, 4, EV 81.9 MPH)
Batting: LHB Jake Ehret Jr. 0-0: Foul Ball, location: 2F
0-1: Ball
1-1: Swinging Strike
1-2: Ball
2-2: Foul Ball, location: 2F
2-2: Foul Ball, location: 2F
2-2: Ball
3-2: SOLO HOME RUN (Flyball, 9LD, EV 95.0 MPH), Distance : 354 ft
Batting: LHB Kevin Littell 0-0: Called Strike
0-1: Foul Ball, location: 2F
0-2: Ball
1-2: Ground out 4-3 (Groundball, 4, EV 87.5 MPH)
Batting: LHB Travis Carra 0-0: Called Strike
0-1: Ball
1-1: Swinging Strike
1-2: Foul Ball, location: 2F
1-2: Ground out 5-3 (Groundball, 56S, EV 91.2 MPH)
Top of the 1st over - 1 run, 1 hit, 0 errors, 0 left on base; Vermont 1 - Lowell 0
BOTTOM OF THE 1ST
Lowell Spinners batting - Pitching for Vermont Lake Monsters : RHP Jordan David
Pitching: RHP Jordan David
Batting: RHB Melvin Austell 0-0: Called Strike
0-1: Ball
1-1: Foul Ball, location: 2F
1-2: Ball
2-2: Foul Ball, location: 2F
2-2: Foul Ball, location: 2F
2-2: Strikes out swinging
Batting: SHB Salvo Aricó 0-0: Ball
1-0: Foul Ball, location: 2F
1-1: DOUBLE (Flyball, 8RXD, EV 99.4 MPH)
Batting: RHB Kevin Goodman 0-0: Foul Ball, location: 2F
0-1: Swinging Strike
0-2: Ball
1-2: Strikes out swinging
Batting: RHB Andrew Hannaford 0-0: Ball
1-0: Called Strike
1-1: DOUBLE (Line Drive, 78D, EV 100.0 MPH)
Salvo Aricó scores
Batting: RHB Miguel Salgado 0-0: Ground out 6-3 (Groundball, 6, EV 86.9 MPH)
Bottom of the 1st over - 1 run, 2 hits, 0 errors, 1 left on base; Vermont 1 - Lowell 1
TOP OF THE 2ND
Vermont Lake Monsters batting - Pitching for Lowell Spinners : RHP Rich Dodge
Batting: LHB Jose Bencomo 0-0: Ball
1-0: Fly out, F6 (Line Drive, 6, EV 62.5 MPH)
Batting: RHB Paul Nass 0-0: Foul Ball, location: 2F
0-1: Swinging Strike
0-2: Foul Ball, location: 2F
0-2: Strikes out swinging
Batting: SHB Rico Ramirez 0-0: Ball
1-0: Ball
2-0: Ground out 6-3 (Groundball, 6S, EV 93.1 MPH)
Top of the 2nd over - 0 runs, 0 hits, 0 errors, 0 left on base; Vermont 1 - Lowell 1
BOTTOM OF THE 2ND
Lowell Spinners batting - Pitching for Vermont Lake Monsters : RHP Jordan David
Batting: RHB Josh Ritchie 0-0: Called Strike
0-1: Ball
1-1: Ground out 5-3 (Groundball, 56, EV 104.4 MPH)
Batting: SHB Manny Sanders 0-0: Called Strike
0-1: Foul Ball, location: 2F
0-2: Ground out 5-3 (Groundball, 5L, EV 89.4 MPH)
Batting: RHB Ryan Morales 0-0: Foul Ball, location: 2F
0-1: Ball
1-1: Ball
2-1: Foul Ball, location: 2F
2-2: Ball
3-2: Base on Balls
Batting: LHB Tyler Gordam 0-0: Ball
Ryan Morales is caught stealing 2nd base 2-6
Bottom of the 2nd over - 0 runs, 0 hits, 0 errors, 0 left on base; Vermont 1 - Lowell 1
TOP OF THE 3RD
Vermont Lake Monsters batting - Pitching for Lowell Spinners : RHP Rich Dodge
Batting: SHB Chris Kugler 0-0: Ball
1-0: Ball
2-0: Swinging Strike
2-1: SINGLE (Groundball, 15S, EV 66.2 MPH) (infield hit)
Batting: RHB Rich Curnutt 0-0: Grounds into double play, 6-4-3 (Groundball, 56, EV 97.5 MPH)
Batting: LHB Miles Holben 0-0: Foul Ball, location: 2F
0-1: Ground out 4-3 (Groundball, 34D, EV 86.2 MPH)
Top of the 3rd over - 0 runs, 1 hit, 0 errors, 0 left on base; Vermont 1 - Lowell 1
BOTTOM OF THE 3RD
Lowell Spinners batting - Pitching for Vermont Lake Monsters : RHP Jordan David
Batting: LHB Tyler Gordam 0-0: Ball
1-0: Ball
2-0: Ball
3-0: Base on Balls
Batting: RHB Melvin Austell 0-0: Ball
1-0: Swinging Strike
1-1: Ball
Tyler Gordam is caught stealing 2nd base 2-4
2-1: Ground out 5-3 (Groundball, 56, EV 88.8 MPH)
Batting: SHB Salvo Aricó 0-0: Called Strike
0-1: Foul Ball, location: 2F
0-2: Ground out U3 (Groundball, 3L, EV 105.0 MPH)
Bottom of the 3rd over - 0 runs, 0 hits, 0 errors, 0 left on base; Vermont 1 - Lowell 1
TOP OF THE 4TH
Vermont Lake Monsters batting - Pitching for Lowell Spinners : RHP Rich Dodge
Batting: LHB Jake Ehret Jr. 0-0: Ball
1-0: Called Strike
1-1: Ground out 4-3 (Groundball, 34D, EV 81.2 MPH)
Batting: LHB Kevin Littell 0-0: Called Strike
0-1: Ball
1-1: Fly out, F7 (Line Drive, 7S, EV 95.0 MPH)
Batting: LHB Travis Carra 0-0: Called Strike
0-1: Ball
1-1: Ball
2-1: SINGLE (Line Drive, 8RS, EV 103.8 MPH)
Batting: LHB Jose Bencomo 0-0: Ball
1-0: Called Strike
1-1: Fielders Choice at 2nd, 6-4 (Groundball, 6, EV 105.0 MPH)
Top of the 4th over - 0 runs, 1 hit, 0 errors, 1 left on base; Vermont 1 - Lowell 1
BOTTOM OF THE 4TH
Lowell Spinners batting - Pitching for Vermont Lake Monsters : RHP Jordan David
Batting: RHB Kevin Goodman 0-0: Ball
1-0: Ball
2-0: Called Strike
2-1: Swinging Strike
2-2: Ball
3-2: Foul Ball, location: 2F
3-2: Base on Balls
Batting: RHB Andrew Hannaford 0-0: Foul Ball, location: 2F
0-1: Foul Ball, location: 2F
0-2: Ball
1-2: Grounds into double play, 6-4-3 (Groundball, 6, EV 106.9 MPH)
Batting: RHB Miguel Salgado 0-0: Ball
1-0: Ball
2-0: Single, Error in OF, E8, batter to second base (Groundball, 4MD, EV 93.8 MPH)
Batting: RHB Josh Ritchie 0-0: Ball
1-0: Ball
2-0: Ground out 6-3 (Groundball, 6S, EV 91.2 MPH)
Bottom of the 4th over - 0 runs, 1 hit, 1 error, 1 left on base; Vermont 1 - Lowell 1
TOP OF THE 5TH
Vermont Lake Monsters batting - Pitching for Lowell Spinners : RHP Rich Dodge
Batting: RHB Paul Nass 0-0: Ball
1-0: Ball
2-0: Ball
3-0: Base on Balls
Batting: SHB Rico Ramirez 0-0: SINGLE (Groundball, P, EV 86.9 MPH) (infield hit)
Paul Nass to second
Batting: SHB Chris Kugler 0-0: Ball
1-0: Foul Ball, location: 2F
1-1: Fly out, F7 (Line Drive, 7D, EV 92.5 MPH)
Batting: RHB Rich Curnutt 0-0: Called Strike
0-1: Foul Ball, location: 2F
0-2: Foul Ball, location: 2F
0-2: DOUBLE (Line Drive, 3D, EV 100.0 MPH)
Paul Nass scores
Rico Ramirez to third
Batting: LHB Miles Holben 0-0: Ball
1-0: Ball
2-0: Foul Ball, location: 2F
2-1: Ball
3-1: Base on Balls
Batting: LHB Jake Ehret Jr. 0-0: Ball
1-0: Foul Ball, location: 2F
1-1: Foul Ball, location: 2F
1-2: Fly out, F7 (Flyball, 78D, EV 99.4 MPH)
Runner from 3rd tags up, SCORES, throw by LF
Rich Curnutt to third
Batting: LHB Kevin Littell 0-0: Called Strike
0-1: Ball
1-1: TRIPLE (Line Drive, 78XD, EV 102.5 MPH)
Rich Curnutt scores
Miles Holben scores
Pitching: RHP David Cruz
Batting: LHB Travis Carra 0-0: Ball
1-0: Called Strike
1-1: Foul Ball, location: 2F
1-2: Ground out 6-3 (Groundball, 6, EV 106.9 MPH)
Top of the 5th over - 4 runs, 3 hits, 0 errors, 1 left on base; Vermont 5 - Lowell 1
BOTTOM OF THE 5TH
Lowell Spinners batting - Pitching for Vermont Lake Monsters : RHP Jordan David
Batting: SHB Manny Sanders 0-0: Called Strike
0-1: Foul Ball, location: 2F
0-2: Ball
1-2: Ball
2-2: Ball
3-2: Base on Balls
Batting: RHB Ryan Morales 0-0: Bunt missed!
0-1: Sac Bunt to 25 - play at first, batter OUT! 5-3
Manny Sanders to second
Batting: LHB Tyler Gordam 0-0: Called Strike
0-1: Ball
1-1: Ground out U3 (Groundball, 34S, EV 90.6 MPH)
Manny Sanders to third
Batting: RHB Melvin Austell 0-0: Ball
1-0: Ball
2-0: Called Strike
2-1: Called Strike
2-2: Ball
3-2: Base on Balls
Batting: SHB Salvo Aricó 0-0: Ball
1-0: Foul Ball, location: 2F
1-1: Ball
2-1: Ball
3-1: Base on Balls
Melvin Austell to second
Batting: RHB Kevin Goodman 0-0: Ball
1-0: Ball
2-0: Foul Ball, location: 2F
2-1: Foul Ball, location: 2F
2-2: Foul Ball, location: 2F
2-2: Foul Ball, location: 2F
2-2: Ball
3-2: Ground out 6-3 (Groundball, 6, EV 91.9 MPH)
Bottom of the 5th over - 0 runs, 0 hits, 0 errors, 3 left on base; Vermont 5 - Lowell 1
TOP OF THE 6TH
Vermont Lake Monsters batting - Pitching for Lowell Spinners : RHP David Cruz
Batting: LHB Jose Bencomo 0-0: Ball
1-0: Ball
2-0: Called Strike
2-1: Fly out, F8 (Flyball, 8RD, EV 93.1 MPH)
Batting: RHB Paul Nass 0-0: Swinging Strike
0-1: Ball
1-1: Swinging Strike
1-2: Ball
2-2: Foul Ball, location: 2F
2-2: Strikes out looking
Batting: SHB Rico Ramirez 0-0: Ground out 3-1 (Groundball, 13, EV 86.2 MPH)
Top of the 6th over - 0 runs, 0 hits, 0 errors, 0 left on base; Vermont 5 - Lowell 1
BOTTOM OF THE 6TH
Lowell Spinners batting - Pitching for Vermont Lake Monsters : RHP Jordan David
Pitching: LHP Frank Polk
Batting: RHB Andrew Hannaford 0-0: SINGLE (Groundball, 6D, EV 93.8 MPH)
Batting: RHB Miguel Salgado 0-0: Foul Ball, location: 2F
0-1: Fly out, F8 (Flyball, 89D, EV 85.6 MPH)
Batting: RHB Josh Ritchie 0-0: Ball
1-0: Called Strike
1-1: Ball
2-1: Foul Ball, location: 2F
2-2: Fly out, F9 (Flyball, 89S, EV 85.0 MPH)
Batting: SHB Manny Sanders 0-0: Called Strike
0-1: Called Strike
0-2: DOUBLE (Groundball, 3L, EV 101.2 MPH)
Andrew Hannaford to third
Runner from 3rd tries for Home, SAFE, throw by RF to trailing runner, SAFE at third!
Batting: RHB Ryan Morales 0-0: Foul Ball, location: 2F
0-1: Ball
1-1: Ball
2-1: Called Strike
2-2: Fly out, F9 (Flyball, 9, EV 93.1 MPH)
Bottom of the 6th over - 1 run, 2 hits, 0 errors, 1 left on base; Vermont 5 - Lowell 2
TOP OF THE 7TH
Vermont Lake Monsters batting - Pitching for Lowell Spinners : RHP David Cruz
Batting: SHB Chris Kugler 0-0: Ball
1-0: Ball
2-0: Ball
3-0: Called Strike
3-1: Foul Ball, location: 2F
3-2: Base on Balls
Batting: RHB Rich Curnutt 0-0: Reached on error, E5 (Groundball, 56, EV 84.4 MPH)
Chris Kugler to second
Batting: LHB Miles Holben 0-0: Sac Bunt to 13 - play at first, batter OUT! 1-3
Chris Kugler to third
Rich Curnutt to second
Batting: LHB Jake Ehret Jr. 0-0: Ball
1-0: Called Strike
1-1: Ground out 4-3 (Groundball, 4, EV 105.0 MPH)
Batting: LHB Kevin Littell 0-0: Intentional Walk
Batting: LHB Travis Carra 0-0: Ball
1-0: Called Strike
1-1: Ball
2-1: Foul Ball, location: 2F
2-2: Foul Ball, location: 2F
2-2: Foul Ball, location: 2F
2-2: Strikes out swinging
Top of the 7th over - 0 runs, 0 hits, 1 error, 3 left on base; Vermont 5 - Lowell 2
BOTTOM OF THE 7TH
Lowell Spinners batting - Pitching for Vermont Lake Monsters : LHP Frank Polk
Batting: LHB Tyler Gordam 0-0: Called Strike
0-1: Ground out 4-3 (Groundball, 4, EV 93.8 MPH)
Batting: RHB Melvin Austell 0-0: Called Strike
0-1: Ball
1-1: Foul Ball, location: 2F
1-2: SINGLE (Groundball, 25, EV 63.8 MPH) (infield hit)
Batting: SHB Salvo Aricó 0-0: Ball
Melvin Austell steals 2nd base
1-0: Called Strike
1-1: Ground out 6-3 (Groundball, 6, EV 88.8 MPH)
Melvin Austell to third
Batting: RHB Kevin Goodman 0-0: Ball
1-0: Called Strike
1-1: Foul Ball, location: 2F
1-2: Foul Ball, location: 2F
1-2: Foul Ball, location: 2F
1-2: Foul Ball, location: 2F
1-2: Fly out, F8 (Flyball, 8LXD, EV 104.4 MPH)
Bottom of the 7th over - 0 runs, 1 hit, 0 errors, 1 left on base; Vermont 5 - Lowell 2
TOP OF THE 8TH
Vermont Lake Monsters batting - Pitching for Lowell Spinners : RHP David Cruz
Pitching: LHP Victor Nochez
Batting: LHB Jose Bencomo 0-0: Called Strike
0-1: Ball
1-1: Foul Ball, location: 2F
1-2: Strikes out swinging
Batting: RHB Paul Nass 0-0: Called Strike
0-1: Ball
1-1: Ball
2-1: Foul Ball, location: 2F
2-2: Ball
3-2: Ground out 1-3 (Groundball, 13S, EV 64.4 MPH)
Batting: SHB Rico Ramirez 0-0: Ball
1-0: Swinging Strike
1-1: Ball
2-1: Foul Ball, location: 2F
2-2: Strikes out swinging
Top of the 8th over - 0 runs, 0 hits, 0 errors, 0 left on base; Vermont 5 - Lowell 2
BOTTOM OF THE 8TH
Lowell Spinners batting - Pitching for Vermont Lake Monsters : LHP Frank Polk
Pitching: RHP Beau Holz
Batting: RHB Andrew Hannaford 0-0: Foul Ball, location: 2F
0-1: Foul Ball, location: 2F
0-2: Ball
1-2: Fly out, F8 (Flyball, 8LXD, EV 100.0 MPH)
Batting: LHB Jamie D'Amico 0-0: Ball
1-0: DOUBLE (Groundball, 5L, EV 103.1 MPH)
Batting: RHB Josh Ritchie 0-0: Ball
1-0: Swinging Strike
1-1: Ball
2-1: Foul Ball, location: 2F
2-2: DOUBLE (Groundball, 5L, EV 109.4 MPH)
Jamie D'Amico scores
Batting: SHB Manny Sanders 0-0: Fly out, F3 (Line Drive, 3, EV 68.1 MPH)
Pinch Hitting: RHB Andres Moral 0-0: Ball
1-0: Foul Ball, location: 2F
1-1: Ball
2-1: Foul Ball, location: 2F
2-2: Ball
3-2: Strikes out swinging
Bottom of the 8th over - 1 run, 2 hits, 0 errors, 1 left on base; Vermont 5 - Lowell 3
TOP OF THE 9TH
Vermont Lake Monsters batting - Pitching for Lowell Spinners : LHP Victor Nochez
Pitching: RHP Gerrie van der Bijl
Now at 1B: Andres Moral
Batting: SHB Chris Kugler 0-0: SOLO HOME RUN (Line Drive, 9D, EV 105.0 MPH), Distance : 409 ft
Batting: RHB Rich Curnutt 0-0: Ball
1-0: Swinging Strike
1-1: Ball
2-1: Ball
3-1: Called Strike
3-2: Strikes out swinging
Batting: LHB Miles Holben 0-0: Ball
1-0: Ball
2-0: Ball
3-0: Base on Balls
Batting: LHB Jake Ehret Jr. 0-0: Called Strike
0-1: Ball
1-1: Ball
2-1: Ball
3-1: Base on Balls
Miles Holben to second
Batting: LHB Kevin Littell 0-0: Grounds into double play, 6-4-3 (Groundball, 6, EV 102.5 MPH)
Top of the 9th over - 1 run, 1 hit, 0 errors, 1 left on base; Vermont 6 - Lowell 3
BOTTOM OF THE 9TH
Lowell Spinners batting - Pitching for Vermont Lake Monsters : RHP Beau Holz
Batting: LHB Tyler Gordam 0-0: Ball
1-0: Ball
2-0: Foul Ball, location: 2F
2-1: Ball
3-1: Foul Ball, location: 2F
3-2: Base on Balls
Batting: RHB Melvin Austell 0-0: Ball
1-0: Ball
2-0: Foul Ball, location: 2F
2-1: Fly out, F7 (Flyball, 7D, EV 77.5 MPH)
Batting: SHB Salvo Aricó 0-0: Ball
1-0: Swinging Strike
1-1: Foul Ball, location: 2F
1-2: Strikes out looking
Batting: RHB Kevin Goodman 0-0: Called Strike
0-1: Called Strike
0-2: Ball
1-2: Foul Ball, location: 2F
1-2: Ball
2-2: Foul Ball, location: 2F
2-2: Ball
3-2: SINGLE (Groundball, 56D, EV 106.2 MPH)
Tyler Gordam to second
Tyler Gordam to third
Pitching: RHP Mark Delia
Batting: RHB Andrew Hannaford 0-0: Foul Ball, location: 2F
0-1: Ball
1-1: Foul Ball, location: 2F
1-2: SINGLE (Flyball, 7LS, EV 90.6 MPH)
Tyler Gordam scores
Kevin Goodman to second
Batting: LHB Jamie D'Amico 0-0: Called Strike
0-1: Ball
1-1: Foul Ball, location: 2F
1-2: Strikes out swinging
Bottom of the 9th over - 1 run, 2 hits, 0 errors, 2 left on base; Vermont 6 - Lowell 4
Wednesday, July 27th , 2022 - OOTP Baseball 23.5 Build 73